 Dungeon Crawl Stone Soup version 0.18-a0-1639-g7533f42 (webtiles) character file.

6451 Yawgmoth the Geomancer (level 10, -3/64 HPs)
             Began as a Gargoyle Earth Elementalist on Mar 27, 2016.
             Was an Elder of Vehumet.
             Slain by Snorg (6 damage)
             ... on level 9 of the Dungeon.
             The game lasted 01:05:04 (10363 turns).

Yawgmoth the Geomancer (GrEE)                      Turns: 10363, Time: 01:05:04

Health: -3/64      AC: 15    Str: 12    XL:     10   Next: 99%
Magic:  14/20      EV: 11    Int: 19    God:    Vehumet [****..]
Gold:   389        SH:  0    Dex: 10    Spells: 6 memorised, 3 levels left

rFire  . . .     SeeInvis .     O - +7 long sword "Spiderbane" {elec, rElec rPois}
rCold  . . .     Gourm    .     s - +0 mottled dragon armour
rNeg   + . .     Faith    .     (no shield)
rPois  ∞         Spirit   .     (no helmet)
rElec  +         Dismiss  .     (no cloak)
rCorr  .         Reflect  .     q - +0 pair of gloves
SustAt .         Harm     .     (no boots)
MR     .....                    E - amulet of magic regeneration
Stlth  ..........               P - ring of loudness (curse)
                                F - ring of flight

@: about to teleport, very slightly contaminated, not resistant to hostile
enchantments, extremely unstealthy
A: negative energy resistance 1, electricity resistance, unbreathing,
petrification resistance, rot immunity, AC +7
a: Renounce Religion, Evoke Flight


You were on level 9 of the Dungeon.
You worshipped Vehumet.
Vehumet was greatly pleased with you.
You were not hungry.

You visited 1 branch of the dungeon, and saw 10 of its levels.

You collected 489 gold pieces.
You spent 100 gold pieces at shops.

Inventory:

Hand Weapons
 k - a +0 shortbow
 L - a +1 trident of freezing
 O - the +7 long sword "Spiderbane" (weapon) {elec, rElec rPois}
   (You found it on level 8 of the Dungeon)

   Occasionally, upon striking a foe, it will discharge some electrical energy
   and cause terrible harm.
   It insulates you from electricity.
   It protects you from poison.
 X - a +0 glaive
Missiles
 a - a throwing net (quivered)
 t - 27 stones
 K - 28 arrows of dispersal
 M - 70 arrows
 R - 9 poisoned arrows
Armour
 q - a +0 pair of gloves (worn)
 s - a +0 mottled dragon armour (worn)
 y - a +0 pair of gloves
Jewellery
 E - an amulet of magic regeneration (around neck)
 F - a ring of flight (left hand)
 P - a cursed ring of loudness (right hand)
Wands
 x - a wand of iceblast (8/15)
 G - a wand of lightning (4/15)
 S - a wand of iceblast (6/15)
 W - a wand of polymorph (11/24)
Scrolls
 g - a scroll of enchant armour
 m - 2 scrolls of immolation {unknown}
 n - 3 scrolls of teleportation
 o - 2 scrolls of enchant weapon
 u - 2 scrolls of recharging {unknown}
 w - a scroll of magic mapping {unknown}
 A - a scroll of vulnerability {unknown}
 C - a scroll of random uselessness {unknown}
 H - 2 scrolls of blinking {unknown}
 I - 2 scrolls of remove curse
 N - 2 scrolls of identify
 T - a scroll of amnesia {unknown}
Potions
 b - a potion of brilliance {unknown}
 e - a potion of ambrosia {unknown}
 f - a potion of magic {unknown}
 h - 2 potions of haste
 i - 2 potions of cure mutation
 l - a potion of might
 p - a potion of agility
 r - 2 potions of curing
 z - 3 potions of flight {unknown}
 B - a potion of invisibility
 D - 4 potions of lignification
Books
 c - a book of Geomancy

   Spells                             Type                      Level
   a - Sandblast                      Earth                        1
   b - Passwall                       Transmutation/Earth          2
   c - Stone Arrow                    Conjuration/Earth            3
   d - Petrify                        Transmutation/Earth          4
   e - Lee's Rapid Deconstruction     Earth                        5
Comestibles
 d - 9 bread rations
 j - 8 meat rations
 v - 6 beef jerkies
 J - 5 chunks of flesh
 Z - a slice of pizza


   Skills:
 + Level 7.8 Fighting
 + Level 4.3 Long Blades
 - Level 6.1 Armour
 - Level 1.7 Dodging
 - Level 2.1 Stealth
 + Level 6.6 Spellcasting
 - Level 6.5 Conjurations
 - Level 0.7 Transmutations
 + Level 2.9 Fire Magic
 + Level 9.9 Earth Magic


You had 3 spell levels left.
You knew the following spells:

 Your Spells              Type           Power        Failure   Level  Hunger
a - Sandblast             Erth           #####.       1%          1    None
b - Stone Arrow           Conj/Erth      #####.       1%          3    ##.....
c - Lee's Rapid Deconstr  Erth           #####.....   2%          5    #####..
d - Conjure Flame         Conj/Fire      ###.....     2%          3    ##.....
e - Passwall              Trmt/Erth      ####......   2%          2    None
f - Fireball              Conj/Fire      ###.......   26%         5    #####..


Dungeon Overview and Level Annotations

Branches:
Dungeon (10/15)            Temple (0/1) D:7
   Lair: D:8-11         Orc: D:9-12

Altars:
Ashenzari
Dithmenos
Elyvilon
Fedhas
Gozag
Nemelex Xobeh
Okawaru
Qazlal
Ru
Sif Muna
Trog
Vehumet
Xom
Zin
The Shining One

Shops:
D:4 !   D:10 ?

Annotations:
D:9 Grum, Snorg


Innate Abilities, Weirdness & Mutations

You are resistant to torment.
Your stone body is resilient (AC +7).
You are immune to poison.
You resist negative energy.
You are resistant to electric shocks.
You can survive without breathing.
You are immune to petrification.
You are immune to rotting.


Message History

Things that are here:
2 arrows; a scale mail You see here an arrow.
The centaur shoots an arrow.
The arrow hits you. The arrow burns you.
There is a stone staircase leading up here.
You see here an arrow.
Snorg bites you but does no damage. Snorg claws you but does no damage. x2
You climb upwards.
Level annotation: Grum
There is a stone staircase leading down here.
You slash Snorg!
Snorg is lightly wounded.
Snorg goes berserk!
Read which item? (? for menu, Esc to quit)
As you read the scroll of teleportation, it crumbles to dust.
You feel strangely unstable. Snorg bites you! Snorg claws you! Snorg claws you.
Snorg bites you!!
* * * LOW HITPOINT WARNING * * *
Snorg closely misses you. Snorg claws you.
You die...

#.......# #######.###........#
#.......# #........##.....<..#
#.......# ####........##........#
'.......###...........##........#
#.......'...##........##........#
#.......######........##........#
######'## #.<................#
#....# #........##........#
#.#### ##.@T########..#####
###'##### ###..## ##.#####
........# #.....### #......#
........# #####>..## #......#
........### #.....#..###......#
........'.# #.###.##...#......#
........#.## #...#.####.#......#
........#..######.#.# #.#......#
........##...##.#.).# #.'......#


You could see Snorg (berserk).

Vanquished Creatures
  A hill giant (D:10)
  6 yaks (D:10)
  A wyvern (D:8)
  3 hungry ghosts
  A hippogriff (D:10)
  A mottled dragon (D:9)
  A black bear (D:5)
  A sky beast (D:6)
  2 wolves
  3 ogres
  5 orc warriors
  5 centaurs
  A big kobold (D:9)
  A crocodile (D:9)
  5 giant frogs
  A wyvern skeleton (D:7)
  2 jellies
  6 killer bees (D:9)
  4 wights (D:9)
  4 howler monkeys
  A giant frog zombie (D:5)
  A centaur zombie (D:8)
  3 crimson imps
  A wasp zombie (D:10)
  A quasit (D:9)
  6 hounds
  4 orc priests
  A centaur skeleton (D:4)
  Terence (D:3)
  2 iguanas
  14 orc wizards
  14 worker ants
  A killer bee zombie (D:9)
  A hound skeleton (D:7)
  A worker ant zombie (D:9)
  12 adders
  3 shadow imps
  2 oozes
  An adder skeleton (D:4)
  An adder zombie (D:8)
  A worm (D:1)
  3 dart slugs
  6 giant geckos
  42 orcs
  A ball python (D:1)
  9 bats
  8 giant cockroaches
  8 hobgoblins
  13 jackals
  6 quokkas
  3 giant gecko skeletons
  7 giant newts
  4 goblins
  11 kobolds
  12 rats
259 creatures vanquished.

Vanquished Creatures (others)
  An orc wizard (D:7)
  A jackal (D:9)
2 creatures vanquished.

Grand Total: 261 creatures vanquished

Notes
Turn   | Place    | Note
--------------------------------------------------------------
     0 | D:1      | Yawgmoth the Gargoyle Earth Elementalist began the quest for the Orb.
     0 | D:1      | Reached XP level 1. HP: 10/10 MP: 3/3
   156 | D:1      | Reached skill level 4 in Earth Magic
   156 | D:1      | Reached XP level 2. HP: 15/15 MP: 1/5
   771 | D:1      | Reached XP level 3. HP: 20/20 MP: 3/6
  2079 | D:1      | Reached skill level 1 in Fighting
  2199 | D:1      | Reached XP level 4. HP: 18/25 MP: 8/8
  2305 | D:2      | Learned a level 3 spell: Stone Arrow
  3076 | D:2      | Reached skill level 5 in Earth Magic
  3135 | D:2      | Noticed a moth of wrath
  3138 | D:2      | Found a bloodstained altar of Trog.
  3162 | D:2      | Reached XP level 5. HP: 30/30 MP: 9/9
  3305 | D:2      | Learned a level 5 spell: Lee's Rapid Deconstruction
  3398 | D:3      | Noticed Terence
  3399 | D:3      | Found a shadowy altar of Dithmenos.
  3450 | D:3      | Killed Terence
  3617 | D:3      | Found a glowing golden altar of the Shining One.
  3760 | D:3      | Reached skill level 1 in Armour
  3815 | D:3      | Found a radiant altar of Vehumet.
  3819 | D:3      | Found an opulent altar of Gozag.
  3957 | D:3      | Found a shattered altar of Ashenzari.
  3960 | D:3      | Found a white marble altar of Elyvilon.
  3960 | D:3      | Found a glowing silver altar of Zin.
  4063 | D:4      | Found Xaytappo's Distillery.
  4067 | D:4      | Bought a potion of heal wounds for 50 gold pieces
  4067 | D:4      | Bought a potion of heal wounds for 50 gold pieces
  4168 | D:4      | Reached XP level 6. HP: 27/36 MP: 7/11
  4312 | D:3      | Became a worshipper of Vehumet
  4829 | D:5      | Entered Level 5 of the Dungeon
  4834 | D:5      | Found a deep blue altar of Sif Muna.
  4835 | D:5      | Found a blossoming altar of Fedhas.
  4840 | D:5      | Found a sacrificial altar of Ru.
  4842 | D:5      | Found an iron altar of Okawaru.
  4843 | D:5      | Found a stormy altar of Qazlal.
  4908 | D:5      | Reached skill level 1 in Conjurations
  4916 | D:5      | Reached XP level 7. HP: 41/41 MP: 10/12
  5183 | D:5      | Reached * piety under Vehumet
  5183 | D:5      | Offered knowledge of Shock by Vehumet.
  5203 | D:5      | Found a shimmering altar of Xom.
  5230 | D:5      | Reached skill level 6 in Earth Magic
  5750 | D:6      | Reached XP level 8. HP: 48/48 MP: 11/14
  6433 | D:7      | Reached skill level 7 in Earth Magic
  6485 | D:7      | Found a staircase to the Ecumenical Temple.
  6490 | D:7      | Reached skill level 5 in Fighting
  6503 | D:7      | Reached skill level 5 in Spellcasting
  6515 | D:7      | Reached ** piety under Vehumet
  6713 | D:7      | Offered knowledge of Magic Dart by Vehumet.
  6773 | D:7      | You fall through a shaft for 2 floors!
  6780 | D:9      | Noticed Grum
  6794 | D:9      | Reached XP level 9. HP: 33/54 MP: 14/16
  6810 | D:8      | Reached skill level 5 in Armour
  7813 | D:8      | Got a faintly glowing long sword
  7815 | D:8      | Identified the +7 long sword "Spiderbane" {elec, rElec rPois} (You found it on level 8 of the Dungeon)
  7892 | D:8      | Reached skill level 5 in Conjurations
  7896 | D:8      | Reached skill level 8 in Earth Magic
  7912 | D:8      | Reached skill level 1 in Long Blades
  8504 | D:8      | Found a sparkling altar of Nemelex Xobeh.
  8509 | D:8      | Offered knowledge of Mephitic Cloud by Vehumet.
  8553 | D:8      | Reached *** piety under Vehumet
  8761 | D:8      | Reached XP level 10. HP: 47/61 MP: 18/18
  9093 | D:9      | Reached skill level 9 in Earth Magic
  9476 | D:9      | Offered knowledge of Conjure Flame by Vehumet.
  9481 | D:9      | Learned a level 3 spell: Conjure Flame
  9484 | D:9      | Learned a level 2 spell: Passwall
  9792 | D:9      | Reached skill level 1 in Fire Magic
  9966 | D:10     | Entered Level 10 of the Dungeon
  9966 | D:10     | Noticed a hill giant
  9969 | D:10     | Reached **** piety under Vehumet
  9973 | D:10     | Killed a hill giant
 10130 | D:10     | Offered knowledge of Fireball by Vehumet.
 10159 | D:10     | Learned a level 5 spell: Fireball
 10226 | D:10     | Noticed Snorg
 10315 | D:10     | Found Zaten's Magic Scroll Shop.
 10363 | D:9      | HP: 3/64 [Snorg (18)]
 10363 | D:9      | Slain by Snorg

Vault maps used:
D:1:      co_arrival_random_square_maze
D:2:      tgw_trog
D:3:      lemuel_crystal_altar, nicolae_overflow_hidden_temple,
          grunt_dithmenos_smoke, uniq_terence
D:4:      serial_shops, shop
D:5:      lemuel_round_altar, grunt_temple_overflow_open, first_bread
D:7:      minmay_temple_entry_statues_fountains
D:8:      nemelex_xobeh_ov_fountains_minmay
D:9:      grunt_ogre_cave, uniq_grum
D:10:     david_lair_shrubbed, hiddenorc1_lemuel, serial_shops, shop, uniq_snorg

Skill      XL: |  1  2  3  4  5  6  7  8  9 10 |
---------------+-------------------------------+-----
Earth Magic    | 4 5 6 7 8 9 |  9.9
Fighting       | 1 2 3 4 5 6 7 |  7.8
Spellcasting   | 3 4 5 6 |  6.6
Armour         | 1 2 3 4 5 6 |  6.1
Conjurations   | 1 2 4 6 |  6.5
Long Blades    | 2 4 |  4.3
Fire Magic     | 2 |  2.9
Dodging        | |  1.7
Stealth        | |  2.1
Transmutations | |  0.7

Action                   |  1- 3 |  4- 6 |  7- 9 | 10-12 || total
-------------------------+-------+-------+-------+-------++-------
Melee: Unarmed           |     5 |       |       |       ||     5
       Short sword       |    49 |   105 |       |       ||   154
       Dagger            |    35 |   103 |    38 |       ||   176
       Trident           |       |       |   104 |       ||   104
       Long sword        |       |       |   114 |   158 ||   272
 Fire: Shortbow          |       |       |     4 |       ||     4
Throw: Javelin           |     5 |    11 |    27 |       ||    43
       Stone             |       |       |     2 |     1 ||     3
 Cast: Sandblast         |    54 |    54 |   102 |       ||   210
       Stone Arrow       |       |       |     2 |    13 ||    15
       Lee's Rapid Decon |       |       |       |     4 ||     4
       Fireball          |       |       |       |     3 ||     3
  Use: Scroll            |     3 |     1 |     7 |     2 ||    13
       Potion            |       |       |     3 |     2 ||     5
  Eat: Chunk             |     3 |     8 |    12 |    10 ||    33
       Beef jerky        |     1 |       |       |       ||     1
       Pizza             |       |     1 |     1 |       ||     2
       Meat ration       |       |       |     2 |       ||     2
       Royal jelly       |       |       |     1 |       ||     1
